[Event "*** Titled Tuesday Blitz"]
[Site "Chess.com"]
[Date "2020.05.19"]
[Round "9"]
[White "Man-Chuk"]
[Black "AnishGiri"]
[Result "1-0"]
[WhiteElo "2751"]
[BlackElo "2973"]
[TimeControl "180+1"]
[EndTime "13:47:22 PDT"]
[Termination "Man-Chuk won by resignation"]

1. d4 Nf6 2. c4 e6 3. Nf3 Bb4+ 4. Nbd2 O-O 5. a3 Be7 6. e4 d6 7. Qc2 Nbd7 8. Be2 c5 9. d5 e5 10. b4 a5 11. bxa5 Rxa5 12. a4 Ne8 13. Nb3 Ra6 14. a5 Kh8 15. g4 b6 16. Bd2 Nb8 17. h3 Qd7 18. axb6 Rxb6 19. Kf1 Bd8 20. Kg2 Na6 21. Rhb1 Nb4 22. Bxb4 Rxb4 23. Nxe5 dxe5 24. Nxc5 Qe7 25. Rxb4 Qxc5 26. Rb5 Qc7 27. c5 g6 28. Qb2 f5 29. d6 Qg7 30. Ra8 Qd7 31. Qxe5+ Bf6 32. Qd5 fxe4 33. c6 Qxd6 34. Rxc8 Qf4 35. Qc5 Bh4 36.
Qe3 Qxf2+ 37. Qxf2 Rxf2+ 38. Kg1 Rxe2 39. Rxe8+ Kg7 40. Rb1 Bg3 41. c7 Bh2+ 42. Kf1 Rc2 43. c8=Q Rxc8 44. Rxc8 1-0

[Event "*** Titled Tuesday Blitz"]
[Site "Chess.com"]
[Date "2020.05.19"]
[Round "9"]
[White "AliKa2810"]
[Black "colegiodemadrid"]
[Result "1/2-1/2"]
[WhiteElo "2599"]
[BlackElo "2368"]
[TimeControl "180+1"]
[EndTime "13:47:24 PDT"]
[Termination "Game drawn by repetition"]

1. d4 d5 2. c4 e6 3. Nc3 Nf6 4. cxd5 exd5 5. Bg5 Be7 6. e3 c6 7. Bd3 Nbd7 8. Qc2 h6 9. Bh4 Nh5 10. Bxe7 Qxe7 11. O-O-O Nb6 12. Kb1 Be6 13. Nf3 O-O-O 14. Rc1 Kb8 15. Na4 Nxa4 16. Qxa4 Rc8 17. Rc3 Nf6 18.
Ne5 Nd7 19. Ra3 a6 20. Nf3 Nb6 21. Qa5 Nc4 22. Bxc4 dxc4 23. Rc1 Bd5 24. Ka1 Ka7 25. Ne5 Qe6 26. Nxc4 Bxc4 27. Qc5+ Kb8 28. Qxc4 Qf6 29. Rb3 Ka8 30. Qc2 Rcd8 31. a3 Rd5 32. Rc3 Re8 33. Rc5 Red8 34. Rxd5 Rxd5 35. Qe2 Rf5 36. f3 Qg5 37. Rc3 Rd5 38. f4 Qe7 39. Qf3 f5 40. h3 g6 41. g4 Ka7 42. Qf1 Qe4 43.
Rb3 Rb5 44. Rxb5 axb5 45. gxf5 gxf5 46. Qc1 h5 47. Qc5+ Ka6 48. Qe5 Qh1+ 49. Ka2 Qxh3 50. d5 cxd5 51. Qd6+ Ka7 52. Qc5+ Ka6 53. Qxd5 Qg4 54.
Qd6+ Ka7 55. Qc5+ Ka6 56. Qd6+ Ka7 57. Qc5+ Ka6 58. Qd6+ 1/2-1/2

[Event "*** Titled Tuesday Blitz"]
[Site "Chess.com"]
[Date "2020.05.19"]
[Round "9"]
[White "mishikomchedlishvili"]
[Black "Zurability"]
[Result "0-1"]
[WhiteElo "2837"]
[BlackElo "2710"]
[TimeControl "180+1"]
[EndTime "13:47:25 PDT"]
[Termination "Zurability won by resignation"]

1. d4 Nf6 2. Bg5 d5 3. e3 e6 4. c4 Be7 5. Nc3 O-O 6. Nf3 b6 7. Bd3 h6 8. Bxf6 Bxf6 9. cxd5 exd5 10. O-O Be6 11. Rc1 Nd7 12. Bb1 g6 13. e4 c6 14.
Re1 Re8 15. e5 Bg7 16. h3 a6 17. Ne2 Rc8 18. Nf4 Nf8 19. Qe2 a5 20. Red1 Qd7 21. Rc3 c5 22. dxc5 bxc5 23. Qc2 Bf5 24. Qc1 Bxe5 25. Nxe5 Rxe5 26. Rxc5 Rxc5 27. Qxc5 Bxb1 28. Rxb1 Qf5 29. Qc1 d4 30. b4 g5 31. Nh5 Re2 32. Qf1 Rxa2 33. bxa5 Rxa5 34. Rd1 Ne6 35. Qc4 Rc5 36.
Qb4 Kh7 37. Ng3 Qc2 38. Re1 Qc3 39. Qb1+ d3 40. Rf1 Qc2 41. Qb7 Kg7 42. Nh5+ Kg6 43. g4 d2 44. Qf3 f5 45. Ng3 Nd4 46. Qa8 d1=Q 47. Qg8+ Kf6 48. Nh5+ Ke5 49. Qe8+ Kd5 50.
Nf6+ Kc4 51. Qf7+ Kc3 0-1

[Event "*** Titled Tuesday Blitz"]
[Site "Chess.com"]
[Date "2020.05.19"]
[Round "9"]
[White "Savagelittlemole"]
[Black "djamir"]
[Result "0-1"]
[WhiteElo "2532"]
[BlackElo "2708"]
[TimeControl "180+1"]
[EndTime "13:47:25 PDT"]
[Termination "djamir won by resignation"]

1. e4 Nf6 2. e5 Nd5 3. d4 d6 4.
c4 Nb6 5. exd6 exd6 6. Nc3 Be7 7. Bd3 O-O 8. Nge2 Nc6 9. Be3 Bf6 10. b3 Re8 11.
Rc1 Bg5 12. Bxg5 Qxg5 13. O-O Bf5 14. Bxf5 Qxf5 15. Ng3 Qf4 16. Nb5 Rec8 17. Rc3 a6 18. Rf3 Qg4 19. h3 Qg5 20. Nc3 Re8 21. Nce4 Qg6 22.
Rf4 f5 23. d5 Ne7 24. Nd2 Qg5 25. Rd4 Qf6 26. Nf3 Ng6 27. Nh5 Qf8 28. Ng5 Qe7 29. Ne6 Nf8 30. Nhf4 Nxe6 31. Nxe6 c5 32. Rf4 g6 33. Qf3 Nd7 34. Qg3 Nf8 35. Rxf5 Nxe6 36. Re1 Qg7 37. dxe6 gxf5 38. Qxd6 Qd4 39. Qc7 Kh8 40.
Qxb7 Rg8 41. e7 Rae8 42. Qc7 Qg7 43. g3 Qf6 44. Qxc5 f4 45. Qc7 fxg3 46. fxg3 Qd4+ 47. Kg2 Qb2+ 48. Kg1 Rg7 49. Qe5 Qxe5 50. Rxe5 Rgxe7 0-1

[Event "*** Titled Tuesday Blitz"]
[Site "Chess.com"]
[Date "2020.05.19"]
[Round "9"]
[White "Elbek_Jumanov"]
[Black "TregubovP"]
[Result "0-1"]
[WhiteElo "2430"]
[BlackElo "2567"]
[TimeControl "180+1"]
[EndTime "13:47:25 PDT"]
[Termination "TregubovP won by resignation"]

1. c4 c5 2. Nf3 Nc6 3. Nc3 Nf6 4. g3 d5 5. cxd5 Nxd5 6. Bg2 Nc7 7. O-O e5 8. d3 Be7 9. a3 O-O 10. Be3 f6 11.
Rc1 Be6 12. Ne4 b6 13. b4 Nd5 14. bxc5 Nxe3 15. fxe3 f5 16. Nd6 bxc5 17. Nc4 e4 18.
dxe4 fxe4 19. Nfd2 Rxf1+ 20. Qxf1 Bg5 21. Bxe4 Rc8 22. Qf3 Ne5 23. Nxe5 Qxd2 24. Rf1 Qxe3+ 25. Kg2 c4 26. h4 Qxf3+ 27. Nxf3 Bf6 28. Rc1 Bb2 29.
Rc2 Bxa3 30. Ra2 Bc5 31. Ng5 Bd7 32. Bd5+ Kf8 33. Bxc4 Ke7 34. e4 h6 35. Nf3 Bc6 36.
Re2 a5 37. Ne5 Be8 38. Bd5 a4 39. Rc2 Rc7 40. Nd3 Bd6 41. Rb2 Rc3 42. Nf4 a3 43. Rb7+ Rc7 44. Rb6 Ra7 45. Rb1 Bf7 46. Bxf7 Kxf7 47.
Nd5 a2 48. Rf1+ Kg8 49. Nc3 a1=Q 0-1

[Event "*** Titled Tuesday Blitz"]
[Site "Chess.com"]
[Date "2020.05.19"]
[Round "9"]
[White "Hikaru"]
[Black "Onischuk_V"]
[Result "1-0"]
[WhiteElo "3193"]
[BlackElo "2898"]
[TimeControl "180+1"]
[EndTime "13:47:30 PDT"]
[Termination "Hikaru won on time"]

1. Nf3 g6 2. e4 Bg7 3. d4 d6 4. Bc4 Nf6 5. Qe2 O-O 6. O-O c6 7. e5 Nd5 8. h3 dxe5 9. dxe5 Nb6 10. Bb3 Na6 11. a3 Nc5 12. Ba2 Be6 13. Rd1 Qc7 14. c4 a5 15. Be3 Nbd7 16. Nc3 a4 17. Bd4 Nb3 18. Bxb3 axb3 19. Ng5 Rad8 20. Nxe6 fxe6 21.
Na4 Bxe5 22. Qe3 Bxd4 23. Rxd4 e5 24. Rdd1 Nf6 25. Nc5 Kf7 26. Re1 Rd4 27. Nxb3 Rxc4 28. Nd2 Rf4 29. Nf3 Kg8 30. Qxe5 Qxe5 31. Rxe5 Nd5 32. Rc1 Ra8 33. Nd2 Ra6 34. g3 Rf5 35. Re2 Rf6 36. Nc4 Ra8 37. Kg2 Kf7 38. Rce1 Rd8 39.
h4 h6 40. Re4 Kg7 41. R1e2 Rf7 42. Na5 Rd7 43. Nb3 Rf6 44. Nc5 Rd8 45. Ne6+ Rxe6 46.
Rxe6 Kf7 47. R6e4 Ra8 48. h5 gxh5 49. Re6 Kg7 50. Kh3 Rf8 51. R6e5 Kg6 52. f4 Rf7 53. Kh4 Rf8 54. Re6+ Kg7 55. Kxh5 1-0

[Event "*** Titled Tuesday Blitz"]
[Site "Chess.com"]
[Date "2020.05.19"]
[Round "9"]
[White "quesfr"]
[Black "Koalaskakistis"]
[Result "1-0"]
[WhiteElo "2306"]
[BlackElo "2455"]
[TimeControl "180+1"]
[EndTime "13:47:31 PDT"]
[Termination "quesfr won on time"]

1. e4 e5 2. Nf3 Nc6 3. Nc3 Nf6 4. d4 exd4 5. Nxd4 Bb4 6. Nxc6 bxc6 7. Bd3 d5 8. exd5 O-O 9. O-O cxd5 10. h3 c6 11. Qf3 Rb8 12. Bf4 Bd6 13. b3 Be6 14. Rad1 Bxf4 15. Qxf4 Qa5 16. Ne2 Rfe8 17. Qd6 Bd7 18. Ng3 Qxa2 19. Ra1 Qb2 20. Rxa7 Be6 21. Qxc6 Qd4 22.
Ra4 Qe5 23. Qc5 h5 24. f4 Qb2 25. Raa1 Ne4 26. Bxe4 dxe4 27. Rab1 Qa2 28. Nxe4 Rbc8 29. Qg5 Kf8 30. c4 Bxc4 31. bxc4 Rxe4 32. Qxh5 Kg8 33. Rbe1 Qa7+ 34. Kh1 Rxe1 35. Rxe1 Qf2 36. Qe5 Rxc4 37. f5 Rc8 38. Qe4 Rf8 39. Rd1 Rc8 40. Qd5 Rf8 41. Qe5 Qh4 42. Qe4 Qh6 43. Qe5 Qf6 44. Re1 Qd8 45.
Qe7 Qc8 46. Qe2 f6 47. Qf2 Qc6 48. Rf1 1-0

[Event "*** Titled Tuesday Blitz"]
[Site "Chess.com"]
[Date "2020.05.19"]
[Round "9"]
[White "alenee"]
[Black "dbrankovic68"]
[Result "0-1"]
[WhiteElo "2403"]
[BlackElo "2348"]
[TimeControl "180+1"]
[EndTime "13:47:32 PDT"]
[Termination "dbrankovic68 won by resignation"]

1. e4 c5 2. Nf3 g6 3. d4 cxd4 4. Nxd4 Bg7 5. Nc3 Nc6 6. Nf3 d6 7. Bc4 Nf6 8. h3 O-O 9. O-O a6 10. Re1 b5 11. Bb3 Bb7 12. Nd5 Na5 13. c3 Nxb3 14.
axb3 Rc8 15. Bg5 Bxd5 16. exd5 Rc5 17. Bxf6 Bxf6 18. b4 Rc4 19. Rxa6 Qd7 20. Qd3 Rfc8 21. Rea1 R8c7 22. Nd2 Rf4 23. Ne4 Be5 24. g3 Rf5 25. Ra8+ Kg7 26. f4 Bf6 27. Kg2 e6 28. dxe6 Qxe6 29. Qf3 Rd5 30. g4 Re7 31. Re1 Bh4 32.
Re2 Qd7 33. g5 Qf5 34. Nf6 Rxe2+ 35. Qxe2 Bxg5 36. fxg5 Qxg5+ 37. Ng4 h5 38. Qe3 hxg4 39. Qxg5 Rxg5 40. hxg4 Rxg4+ 41. Kf3 Rg5 42. Rd8 Rd5 43.
Ke3 f5 44. b3 g5 45. c4 f4+ 46. Ke4 Re5+ 47. Kf3 Kf6 48. Rxd6+ Kf5 49. Rd5 Rxd5 50.
cxd5 Ke5 51. d6 Kxd6 52. Kg4 Ke5 0-1

[Event "*** Titled Tuesday Blitz"]
[Site "Chess.com"]
[Date "2020.05.19"]
[Round "9"]
[White "Filip_Covic"]
[Black "miruna_daria28"]
[Result "0-1"]
[WhiteElo "2380"]
[BlackElo "2279"]
[TimeControl "180+1"]
[EndTime "13:47:32 PDT"]
[Termination "miruna_daria28 won on time"]

1. d4 e6 2. c4 b6 3. Nf3 Nf6 4. g3 Bb7 5. Bg2 c5 6. O-O cxd4 7. Nxd4 Bxg2 8. Kxg2 Qc8 9. b3 Be7 10. Bb2 O-O 11. Nc3 Qb7+ 12. f3 Nc6 13. e4 Nxd4 14. Qxd4 a6 15. Rfd1 d6 16. Rac1 b5 17. Ne2 bxc4 18. Rxc4 Rfd8 19. Rdc1 Rd7 20. Qc3 Rad8 21.
Rc7 Qb6 22. Rxd7 Rxd7 23. Qd4 Qb5 24. Qc4 Bf8 25. Nd4 Qb6 26. Qc6 Qxc6 27. Rxc6 Ra7 28. Ba3 g6 29. Bxd6 Bxd6 30. Rxd6 a5 31. Nc6 Rc7 32.
Nxa5 Rc2+ 33. Kh3 Rxa2 34. b4 Rb2 35. Nc6 Kg7 36. Rd8 h5 37. Rb8 g5 38. e5 g4+ 39. fxg4 hxg4+ 40. Kh4 Rxh2+ 41. Kg5 Rh5+ 42. Kf4 Rf5+ 43. Ke3 Rf3+ 44. Ke2 Nd5 45. Rb7 Rxg3 46. Nd8 Rf3 47. Nxe6+ Kg6 48. Nd4 Ra3 49. b5 g3 50.
b6 g2 51. Kf2 Ra2+ 52. Kg1 Nf4 53. Nf3 Nh3+ 54. Kh2 g1=Q+ 55. Kxh3 Qg2+ 0-1

[Event "*** Titled Tuesday Blitz"]
[Site "Chess.com"]
[Date "2020.05.19"]
[Round "9"]
[White "NikolaGry"]
[Black "Indianlad"]
[Result "0-1"]
[WhiteElo "2633"]
[BlackElo "2926"]
[TimeControl "180+1"]
[EndTime "13:47:33 PDT"]
[Termination "Indianlad won by resignation"]

1. d4 Nf6 2. Nf3 d5 3. Bf4 Bf5 4. e3 e6 5. Bd3 Bg6 6. O-O Bd6 7. Bxd6 cxd6 8. c4 dxc4 9. Bxc4 d5 10. Bd3 Nc6 11. Nc3 Bh5 12. Rc1 O-O 13. Na4 Rc8 14.
a3 Qe7 15. b4 Ne4 16. Be2 f5 17. Nc5 Bxf3 18. Bxf3 Nd6 19. Be2 b6 20. Na6 b5 21.
a4 Nb8 22. Rxc8 Rxc8 23. axb5 Ne4 24. Qa1 Nxa6 25. Qxa6 Rc7 26. b6 axb6 27. Qxb6 Rb7 28. Qa6 Rxb4 29. Qc8+ Kf7 30. Rc1 Rb7 31. g3 Qd7 32. Qh8 Kg6 33. Qa8 Rb2 34. Re1 Qc7 35. Qe8+ Kf6 36. Qf8+ Qf7 37. Qd8+ Qe7 38. Qg8 Kg6 39.
h4 Kh6 40. Qc8 Qd6 41. Rc1 Rxe2 42. Rc6 Qb4 43. Rxe6+ Kh5 44. Rh6+ Kxh6 45. Qxf5 Qe1+ 46. Kg2 Rxf2+ 0-1

[Event "*** Titled Tuesday Blitz"]
[Site "Chess.com"]
[Date "2020.05.19"]
[Round "9"]
[White "VerdeNotte"]
[Black "lucliasco"]
[Result "0-1"]
[WhiteElo "2811"]
[BlackElo "2690"]
[TimeControl "180+1"]
[EndTime "13:47:34 PDT"]
[Termination "lucliasco won by resignation"]

1. e4 e5 2. Nf3 d6 3. d4 exd4 4. Nxd4 Nf6 5. Nc3 Be7 6. g3 O-O 7. Bg2 Nc6 8. O-O Nxd4 9. Qxd4 Bd7 10. e5 dxe5 11. Qxe5 Bd6 12. Qd4 Bf5 13. Bg5 h6 14. Bxf6 Qxf6 15. Qxf6 gxf6 16. Rad1 Bxc2 17. Rd2 Bf5 18.
Bxb7 Rab8 19. Be4 Bh3 20. Bg2 Be6 21. Rc1 Kg7 22. b3 a5 23. Na4 h5 24. h4 f5 25. Rc6 Bd7 26. Rc4 Bb5 27. Rcd4 Rfe8 28. Bf3 f4 29. Bxh5 fxg3 30. fxg3 Re1+ 31. Kf2 Rbe8 32. Nc3 Bd7 33. Re2 R1xe2+ 34. Nxe2 Bc5 35. Kf1 Bh3+ 36. Kf2 Rxe2+ 37. Kxe2 Bxd4 38. Kd3 Be5 39. Kc4 Bxg3 40. Kb5 Be1 41. Be2 Bd7+ 42. Ka6 Bxh4 43. Kxa5 c5 44. Kb6 Bf2 45. Kc7 Be6 46. Bd1 c4 47.
bxc4 Bxc4 48. a4 Be1 49. Kb6 f5 50. a5 f4 51. a6 Bf2+ 52. Kb7 Bd5+ 53. Kb8 Bd4 54. a7 Be5+ 55. Kc8 Kf6 56. Bb3 Bg2 57. Kd7 Bd4 58. Kd6 Bxa7 59. Bd1 Be3 60. Kc7 f3 0-1

[Event "*** Titled Tuesday Blitz"]
[Site "Chess.com"]
[Date "2020.05.19"]
[Round "9"]
[White "LiamVrolijk"]
[Black "Alomaterapia"]
[Result "0-1"]
[WhiteElo "2784"]
[BlackElo "2567"]
[TimeControl "180+1"]
[EndTime "13:47:34 PDT"]
[Termination "Alomaterapia won by checkmate"]

1. e4 c6 2. Nf3 d5 3. d3 g6 4. Nbd2 Bg7 5. g3 e5 6. Bg2 Ne7 7. O-O O-O 8. b4 a5 9. bxa5 Qxa5 10. Bb2 Nd7 11. a4 b6 12. Re1 f6 13. d4 dxe4 14.
Nxe4 f5 15. Neg5 e4 16. Nd2 Nf6 17. Nc4 Qd5 18. Nxb6 Qa5 19. Nxa8 Qxa8 20. f3 h6 21. Nh3 Ned5 22. c4 Nb4 23. Ba3 c5 24. Nf2 Bb7 25.
fxe4 Nxe4 26. Nxe4 fxe4 27. Bxb4 Bxd4+ 28. Kh1 e3 29. Ra2 Rf2 30. Rxf2 exf2 31. Re8+ Qxe8 32. Bxb7 cxb4 33. Qf1 Qxa4 34. Kg2 Kg7 35. Qe2 Qd7 36. Bd5 b3 37. Qd3 Qa7 38. Qxb3 h5 39. Qd3 Kh6 40.
Qd2+ Be3 41. Qe2 Qa3 42. Qf3 Qc5 43. Qf6 Bd4 44. Qf4+ Kh7 45. Be4 Qxc4 46. Qf3 Kg7 47. Bd3 Qc7 48. Qe4 Qd6 49. Qf3 Qf6 50. Qb7+ Kh6 51.
Qe4 f1=Q+ 52. Bxf1 Qf2+ 53. Kh3 Qxf1+ 54. Kh4 Bf6# 0-1

[Event "*** Titled Tuesday Blitz"]
[Site "Chess.com"]
[Date "2020.05.19"]
[Round "9"]
[White "Bathory44"]
[Black "Bacyanide"]
[Result "0-1"]
[WhiteElo "2579"]
[BlackElo "2461"]
[TimeControl "180+1"]
[EndTime "13:47:34 PDT"]
[Termination "Bacyanide won on time"]

1. e4 c6 2. c4 d5 3. cxd5 cxd5 4. exd5 Nf6 5. Nc3 Nxd5 6. Nf3 Nxc3 7. bxc3 g6 8. Bb5+ Bd7 9. a4 Bg7 10. O-O O-O 11.
Re1 Bxb5 12. axb5 Nd7 13. Ba3 Re8 14. Qb3 e6 15. d4 Qc7 16. Ng5 a6 17. Ne4 Nf6 18.
b6 Qc6 19. Nc5 Nd7 20. Nxd7 Qxd7 21. Rad1 Rac8 22. c4 Qc6 23. d5 Qxc4 24. Qxc4 Rxc4 25. d6 Bf8 26. Bb2 Rd8 27. d7 Bg7 28. Ba3 Bf8 29. Bb2 Bg7 30. Ba3 Rd4 31. Bc5 R4xd7 32. Rc1 Bf8 33. Be3 f6 34. g3 Kf7 35. h4 h5 36. Kg2 e5 37. Rc3 Bd6 38. Rec1 Ke6 39. Rb3 Ra8 40. f4 exf4 41. gxf4 a5 42. Rb5 a4 43.
Re1 Kf7 44. f5 gxf5 45. Rxf5 a3 46. Bd4 Be7 47. Ba1 a2 48. Rxh5 Kg6 49. Rb5 Ra3 50. h5+ Kh6 51. Rb2 Bc5 52. Rbe2 Bxb6 0-1

[Event "*** Titled Tuesday Blitz"]
[Site "Chess.com"]
[Date "2020.05.19"]
[Round "9"]
[White "davekoenig"]
[Black "MF1966Idrisov"]
[Result "1/2-1/2"]
[WhiteElo "2171"]
[BlackElo "2306"]
[TimeControl "180+1"]
[EndTime "13:47:34 PDT"]
[Termination "Game drawn by repetition"]

1. e4 d5 2. exd5 Qxd5 3. Nc3 Qd6 4. d4 a6 5. Nf3 Nf6 6. g3 Bg4 7. Bg2 e6 8. Bf4 Qd7 9. Qd2 Nc6 10. Ne5 Nxe5 11.
dxe5 Nd5 12. Nxd5 exd5 13. Qxd5 Qxd5 14. Bxd5 c6 15. Be4 O-O-O 16. f3 Be6 17. Be3 Bd5 18. Bf5+ Be6 19. Bxe6+ fxe6 20. Ke2 Rd5 21. f4 Bc5 22. Rad1 Rhd8 23. Rd3 Bxe3 24. Kxe3 Rxd3+ 25. cxd3 Rd5 26. Rc1 Rb5 27. Rc2 Kd7 28. g4 g6 29. h4 a5 30.
b3 c5 31. Rh2 a4 32. bxa4 Ra5 33. h5 Rxa4 34. hxg6 hxg6 35. Rh7+ Kc6 36. Re7 Rxa2 37. Rxe6+ Kc7 38. Rxg6 b5 39. Ke4 Ra4+ 40. Kd5 Rxf4 41.
Kxc5 b4 42. Rg7+ Kd8 43. Kd6 Rd4+ 44. Ke6 Rxd3 45. Rg8+ Kc7 46. Rg7+ Kc6 47. Rg8 Kc7 48. Rg7+ Kc6 49. Rh7 b3 50. Rh2 Rd4 51. g5 Rb4 52.
Rb2 Kc5 53. g6 Kd4 54. Kf6 Kc3 55. Re2 b2 56. Rxb2 Rxb2 57. g7 Rf2+ 58. Ke7 Rg2 59. Kf7 Rf2+ 60. Ke8 Rg2 61. Kf7 Rf2+ 62. Ke7 Rg2 63. Kf6 Rf2+ 64. Kg6 Rg2+ 65. Kf7 1/2-1/2

[Event "*** Titled Tuesday Blitz"]
[Site "Chess.com"]
[Date "2020.05.19"]
[Round "9"]
[White "Chessialist"]
[Black "mamey78"]
[Result "1-0"]
[WhiteElo "2567"]
[BlackElo "2395"]
[TimeControl "180+1"]
[EndTime "13:47:35 PDT"]
[Termination "Chessialist won by resignation"]

1. e4 e5 2. Nf3 Nc6 3. Bb5 a6 4. Ba4 Nf6 5. O-O b5 6. Bb3 Be7 7. Qe2 O-O 8. c3 d5 9. d3 Bb7 10. Bg5 dxe4 11. dxe4 Nxe4 12. Qxe4 Bxg5 13. Bd5 Be7 14. Nxe5 Nxe5 15. Bxb7 Rb8 16. Qxe5 Rxb7 17. Qe2 c5 18. Nd2 Rd7 19. Nf3 Bf6 20. Rfd1 Re8 21.
Rxd7 Qxd7 22. Qf1 h6 23. h3 Qf5 24. Re1 Rxe1 25. Qxe1 Qc2 26. Qe8+ Kh7 27. Qxf7 Qxb2 28. Qd5 Qxc3 29. Qf5+ g6 30. Qd7+ Bg7 31. h4 b4 32.
h5 Qc1+ 33. Kh2 Qf4+ 34. Kg1 gxh5 35. Qd3+ Kh8 36. Qxa6 c4 37. Qa8+ Kh7 38. g3 Qf5 39.
Nh4 Qd3 40. Qc8 c3 41. Nf5 c2 42. Ne3 Qd1+ 43. Kg2 c1=Q 44. Qf5+ Kh8 45. Nxd1 Qxd1 46. Qc8+ Kh7 47. Qf5+ Kg8 48. Qe6+ Kf8 49. Qf5+ Ke7 50.
Qe4+ Kd7 51. Qb7+ Ke6 52. Qxg7 Qd5+ 53. Kh2 Qxa2 54. Qg8+ 1-0

[Event "*** Titled Tuesday Blitz"]
[Site "Chess.com"]
[Date "2020.05.19"]
[Round "9"]
[White "florianschwabeneder"]
[Black "DanielDardha2005"]
[Result "1-0"]
[WhiteElo "2528"]
[BlackElo "2633"]
[TimeControl "180+1"]
[EndTime "13:47:36 PDT"]
[Termination "florianschwabeneder won by checkmate"]

1. e4 c5 2. Nf3 Nc6 3. Bb5 Nf6 4. d3 g6 5. O-O Bg7 6. c3 O-O 7. Nbd2 e5 8. Nc4 d6 9. Ne3 Bd7 10. a4 a6 11. Bc4 Rb8 12. Nd5 b5 13. Ba2 Be6 14.
Bg5 b4 15. Bc4 Na5 16. Bxa6 Bxd5 17. exd5 Qb6 18. Bxf6 Qxa6 19. Bxg7 Kxg7 20. c4 h6 21. Nd2 f5 22. f4 Rbe8 23. b3 exf4 24. Rxf4 Re3 25.
Rf3 Rfe8 26. Kf2 R3e7 27. h3 Qc8 28. Kg1 Re2 29. d4 cxd4 30. Rd3 Qd8 31. Nf3 Qf6 32. Kh2 Nb7 33. Nxd4 Rf2 34. Ne6+ Kg8 35. Qe1 Rb2 36. Qd1 Qe5+ 37. Kh1 Nd8 38. a5 Nxe6 39. dxe6 Rxe6 40.
a6 Re8 41. a7 Ra8 42. Rd5 Qe4 43. Qf3 Qxf3 44. gxf3 Rxb3 45. Rb5 Ra3 46. Rb8+ Kg7 47.
Rxa3 bxa3 48. Rxa8 a2 49. Rg8+ Kxg8 50. a8=Q+ Kg7 51.
Qxa2 Kf6 52. Qd2 h5 53. Qd5 g5 54. Kg2 g4 55. Qxd6+ Kg5 56. hxg4 Kh4 57. Qf6# 1-0

[Event "*** Titled Tuesday Blitz"]
[Site "Chess.com"]
[Date "2020.05.19"]
[Round "9"]
[White "Omk124"]
[Black "AGW2016"]
[Result "1/2-1/2"]
[WhiteElo "2356"]
[BlackElo "2239"]
[TimeControl "180+1"]
[EndTime "13:47:36 PDT"]
[Termination "Game drawn by repetition"]

1. e4 e5 2. Nf3 Nc6 3. Bc4 Bc5 4. O-O Nf6 5. d3 O-O 6. c3 d6 7. Nbd2 a6 8. Bb3 Ba7 9. Re1 Ne7 10. Nf1 Ng6 11.
Ng3 h6 12. Be3 Bxe3 13. Rxe3 Re8 14. Qc2 Be6 15. Rae1 c5 16. Nd2 b5 17. Bxe6 Rxe6 18. Nf5 d5 19. Rg3 Nh5 20. Rf3 Nhf4 21. g3 Nh3+ 22. Kg2 Ng5 23. Rfe3 d4 24. R3e2 Re8 25. Nb3 Rc8 26. c4 b4 27. h4 Ne6 28. h5 Ne7 29. Qd2 a5 30. Nxe7+ Rxe7 31. f4 Qc7 32. Rf1 a4 33. Nc1 f6 34. Ref2 Ra8 35. Ne2 a3 36. b3 Kh8 37. Ng1 Qd7 38. Nh3 Qe8 39.
Qd1 Qb8 40. Qg4 Qd6 41. Qg6 Nf8 42. fxe5 Qxe5 43. Qg4 Rae8 44. Rf5 Qd6 45. Nf4 Re5 46.
Nd5 Rxf5 47. Rxf5 Ne6 48. Nxf6 Rf8 49. Qg6 Rxf6 50. Rxf6 gxf6 51. Qxh6+ Kg8 52. Qxf6 Qd7 53. e5 Qf7 54. Qxf7+ Kxf7 55. Kf3 Nf8 56. Ke4 Ke6 57. g4 Nh7 58. Kf4 Nf8 59. g5 Nd7 60. g6 Nxe5 61.
Ke4 Ng4 62. g7 Nh6 63. Kf4 Kf6 64. Ke4 Ke6 65. Kf4 Kf6 66. Ke4 Ke6 1/2-1/2

[Event "*** Titled Tuesday Blitz"]
[Site "Chess.com"]
[Date "2020.05.19"]
[Round "9"]
[White "tteshan"]
[Black "mirandamikadze"]
[Result "0-1"]
[WhiteElo "2214"]
[BlackElo "2021"]
[TimeControl "180+1"]
[EndTime "13:47:36 PDT"]
[Termination "mirandamikadze won by checkmate"]

1. e4 c6 2. d4 d5 3. Nc3 dxe4 4.
Nxe4 Bf5 5. Ng3 Bg6 6. h4 h6 7. h5 Bh7 8. Nf3 e6 9. Bd3 Bxd3 10. Qxd3 Nd7 11. Bd2 Ngf6 12. O-O-O Bd6 13. Ne4 Nxe4 14. Qxe4 Qc7 15. Kb1 Nf6 16. Qe2 Bf4 17. Bxf4 Qxf4 18. Ne5 Rd8 19. g3 Qe4 20. Qc4 O-O 21. a3 Qd5 22. Qxd5 Rxd5 23. c4 Rdd8 24. Kc2 Ne4 25. Rhf1 f6 26. Ng4 Rd6 27. Rfe1 Ng5 28. Re3 Rfd8 29.
Red3 Ne4 30. f4 f5 31. c5 Rd5 32. Ne3 R5d7 33. Rb3 Nxg3 34. Nc4 Nxh5 35. Nd6 b6 36. Rf3 Nf6 37. Re1 Ne4 38. Nxe4 fxe4 39. Rxe4 Rxd4 40. Rxe6 Rc4+ 41. Kb3 Rxc5 42. f5 Rf8 43. f6 Rxf6 44. Rfxf6 gxf6 45. Rxf6 Kg7 46. Rd6 a5 47. a4 h5 48. Ka2 h4 49. Rd4 Rh5 50. Rc4 c5 51. Rc2 h3 52. Rh2 Kf6 53.
Kb3 Ke5 54. Kc4 Kf4 55. Kb5 Rh6 56. b3 Kg3 57. Rc2 h2 58. Rc3+ Kf4 59. Rc4+ Ke5 60. Rc1 h1=Q 61. Rxh1 Rxh1 62. Kxb6 Kd4 63. Kxa5 Rb1 64.
Ka6 Rxb3 65. a5 c4 66. Ka7 c3 67. a6 c2 68. Ka8 c1=Q 69. a7 Qc8# 0-1

[Event "*** Titled Tuesday Blitz"]
[Site "Chess.com"]
[Date "2020.05.19"]
[Round "9"]
[White "124chess"]
[Black "GMBenjaminFinegold"]
[Result "0-1"]
[WhiteElo "2732"]
[BlackElo "2556"]
[TimeControl "180+1"]
[EndTime "13:47:37 PDT"]
[Termination "GMBenjaminFinegold won by checkmate"]

1. d4 Nf6 2. c4 c5 3. d5 e5 4. Nc3 d6 5. g3 Be7 6. Bg2 Nbd7 7. e4 Nf8 8. Nge2 Ng6 9. O-O h5 10. h3 h4 11. g4 Nh7 12. f4 exf4 13. Nxf4 Ne5 14. b3 g6 15. Bb2 Ng5 16. Nd3 f6 17.
Nxe5 fxe5 18. a3 Bd7 19. b4 cxb4 20. axb4 Qb6+ 21. Kh1 Qxb4 22. Rb1 Qxc4 23. Rf2 Rf8 24. Rxf8+ Kxf8 25. Qe1 Kg7 26. Qxh4 Rh8 27. Qg3 b5 28. Bc1 b4 29. Nd1 Nxe4 30. Qe3 Nf6 31. Bd2 Nxg4 32.
Qxa7 Nf6 33. Bg5 Rd8 34. Ne3 Qd3 35. Rd1 Qe2 36. Qc7 b3 37. Qc3 b2 38. Rb1 Rb8 39. Qc7 Rc8 40. Bxf6+ Kxf6 41. Qxd7 Rc1+ 42. Kh2 Rxb1 43. Qe6+ Kg7 44. Qxe7+ Kg8 45. Qe6+ Kg7 46. Qd7+ Kg8 47. Qc8+ Kh7 48. Qd7+ Kh8 49. Qd8+ Kh7 50. Qh4+ Qh5 51. Qe7+ Kh8 52. Ng4 Qf5 53. Qe8+ Kg7 54. Qe7+ Qf7 55. Qxd6 Qf4# 0-1

[Event "*** Titled Tuesday Blitz"]
[Site "Chess.com"]
[Date "2020.05.19"]
[Round "9"]
[White "vanea_03"]
[Black "santosalberto1987"]
[Result "1-0"]
[WhiteElo "2637"]
[BlackElo "2478"]
[TimeControl "180+1"]
[EndTime "13:47:40 PDT"]
[Termination "vanea_03 won on time"]

1. Nf3 d5 2. e3 Nf6 3. b3 Bf5 4. Bb2 e6 5. Be2 h6 6. O-O Nbd7 7. d3 Be7 8. Ne5 Nxe5 9. Bxe5 O-O 10. Nd2 Nd7 11.
Bb2 Bf6 12. Bxf6 Nxf6 13. Bf3 a5 14. a3 c6 15. Qe2 Qc7 16. e4 dxe4 17. dxe4 Bg6 18.
Rad1 Rfd8 19. Nc4 b5 20. Nb2 Rxd1 21. Rxd1 Rd8 22. Rxd8+ Qxd8 23. e5 Nd5 24. c4 bxc4 25. Nxc4 a4 26. bxa4 Nc3 27. Qd2 Qxd2 28. Nxd2 c5 29.
a5 Nb5 30. Be2 Na7 31. Nb3 Nc6 32. a6 Nxe5 33. Nxc5 Nc6 34. Nd7 Na7 35. f3 f6 36.
a4 Be8 37. Bb5 Bxd7 38. Bxd7 Kf7 39. Kf2 Ke7 40. Bb5 Kd6 41. Ke3 g5 42. Ke4 Nc8 43. g4 Na7 44. f4 gxf4 45. Kxf4 Nc8 46. Kg3 Ke5 47. Kh4 Na7 48. Kh5 Kf4 49. Be2 f5 50. h3 fxg4 51. hxg4 Ke3 52. Bc4 e5 53. Kxh6 Kd4 54. Bf1 1-0

[Event "*** Titled Tuesday Blitz"]
[Site "Chess.com"]
[Date "2020.05.19"]
[Round "9"]
[White "Chess_Boxer123"]
[Black "Kolle05"]
[Result "1-0"]
[WhiteElo "2555"]
[BlackElo "2389"]
[TimeControl "180+1"]
[EndTime "13:47:40 PDT"]
[Termination "Chess_Boxer123 won on time"]

1. d4 Nf6 2. Bg5 d5 3. Bxf6 gxf6 4. c4 dxc4 5. e4 c5 6. d5 b5 7. a4 f5 8. axb5 fxe4 9. Nc3 Bg7 10. Bxc4 Bf5 11.
Nge2 Nd7 12. Ng3 Bg6 13. O-O Nb6 14. Qb3 f5 15. Rad1 Qd6 16. f3 e3 17. Rfe1 O-O 18.
Nge2 f4 19. Qa2 Kh8 20. Bd3 Rg8 21. Bxg6 Qxg6 22. Nxf4 Qf5 23. Ne6 Bxc3 24. bxc3 Qxf3 25. c4 Nxc4 26. Qa1+ Qf6 27. Qxf6+ exf6 28. d6 Nd2 29. Rxe3 Nc4 30. Re4 Ne5 31. Nxc5 Rad8 32. d7 Rg7 33. Rxe5 fxe5 34. Kf2 Kg8 35. g3 Re7 36. Ke3 e4 37.
Nxe4 Kf7 38. Kf4 Rexd7 39. Ra1 Rb7 40. Ra6 Kg7 41. Nd6 Rc7 42. Nf5+ Kf7 43. g4 Rd5 44. h4 Rdc5 45. h5 Rc4+ 46. Kg5 R4c5 47. Rf6+ Kg8 48. h6 Rxb5 49. Rd6 Rc8 50. Rd7 a5 51. Rg7+ Kh8 52. Ra7 Rcb8 53. Kh4 Rxf5 54. gxf5 Kg8 55. Kg5 1-0